 Dungeon Crawl Stone Soup version 0.22-a0-422-g9628fc8 (webtiles) character file.

492343 Borgoz the Spry (level 24, -4/157 HPs)
             Began as a Gargoyle Abyssal Knight on May 20, 2018.
             Was the Champion of Lugonu.
             Splashed by an acid blob's acid (8 damage)
             ... on level 4 of the Pits of Slime on May 21, 2018.
             The game lasted 03:39:59 (80183 turns).

Borgoz the Spry (Gargoyle Abyssal Knight)          Turns: 80183, Time: 03:39:59

Health: -4/157     AC: 32    Str: 24    XL:     24   Next: 75%
Magic:  0/15       EV: 29    Int: 22    God:    Lugonu [******]
Gold:   3845       SH: 17    Dex: 28    Spells: 28/31 levels left

rFire    + + +     SeeInvis +   b - +5 demon whip "Spellbinder" {antimagic, MR+}
rCold    + . .     Gourm    .   i - +2 shield {reflect} (curse)
rNeg     + + +     Faith    .   C - +5 scale mail {rF+}
rPois    ∞         Spirit   +   u - +0 hat of the Arcane {rPois Int+5}
rElec    +         Reflect  +   v - +2 cloak {rF+}
rCorr    +         Harm     .   B - +1 pair of gloves of the Doge {rF+ MR+ MP+9 Dex+4}
MR       +++..                  f - +2 pair of boots of a sewer {rF- rCorr Dex+6 SInv}
Stlth    ++........             F - amulet of guardian spirit
HPRegen  0.00/turn              E - ring of the Pariah {+Fly Slay+3}
MPRegen  0.14/turn              h - ring of Fyvoset {*Drain +Inv rC+ rN+++ Int-2}

@: mighty, corroded, berserk cooldown, flying, slowed, very slow
A: big wings, camouflage 1, agile 1, blurry vision 1, clever 2, deterioration 2,
fire resistance 1, negative energy resistance 1, electricity resistance,
inhibited regeneration, unbreathing, petrification resistance, no potion heal 1,
rot immunity, subdued magic 2, AC +18
}: 3/15 runes: barnacled, silver, gossamer
a: Stop Flying, Depart the Abyss, Bend Space, Banish, Corrupt, Enter the Abyss,
Brand Weapon With Distortion, Renounce Religion, Evoke Invisibility


You were on level 4 of the Pits of Slime.
You worshipped Lugonu.
Lugonu was exalted by your worship.
You were not hungry.

You visited 9 branches of the dungeon, and saw 45 of its levels.
You visited the Abyss 3 times.
You also visited: Ossuary and Volcano.

You collected 5852 gold pieces.
You spent 2007 gold pieces at shops.

Inventory:

Hand Weapons
 b - the +5 demon whip "Spellbinder" (weapon) {antimagic, MR+}
   (You took it off a deep elf death mage on level 3 of the Elven Halls)

   It reduces the magical energy of the wielder, and disrupts the spells and
   magical abilities of those hit.
   Natural abilities and divine invocations are not affected.
   It affects your resistance to hostile enchantments.
Missiles
 Z - 4 throwing nets (quivered)
Armour
 f - the +2 pair of boots of a sewer (worn) {rF- rCorr Dex+6 SInv}
   (You acquired it on level 2 of the Elven Halls)

   It affects your dexterity (+6).
   It makes you vulnerable to fire.
   It lets you see invisible.
   It protects you from acid and corrosion.
 i - a cursed +2 shield of reflection (worn)
 u - the +0 hat of the Arcane (worn) {rPois Int+5}
   (You acquired it on level 2 of the Shoals)

   It affects your intelligence (+5).
   It protects you from poison.
 v - a +2 cloak of fire resistance (worn)
 x - a +2 pair of boots of running
 B - the +1 pair of gloves of the Doge (worn) {rF+ MR+ MP+9 Dex+4}
   (You found it on level 3 of the Elven Halls)

   It affects your dexterity (+4).
   It protects you from fire.
   It affects your resistance to hostile enchantments.
   It affects your magic capacity (+9).
 C - a +5 scale mail of fire resistance (worn)
Jewellery
 h - the ring of Fyvoset (right hand) {*Drain +Inv rC+ rN+++ Int-2}
   (You acquired it on level 2 of the Elven Halls)

   [ring of protection from cold]

   It affects your intelligence (-2).
   It protects you from cold.
   It renders you almost immune to negative energy.
   It lets you turn invisible.
   It causes draining when unequipped.
 t - an uncursed amulet of the acrobat
 E - the ring of the Pariah (left hand) {+Fly Slay+3}
   (You found it on level 5 of the Vaults)

   [ring of flight]

   It affects your accuracy and damage with ranged weapons and melee attacks
   (+3).
   It lets you fly.
 F - an amulet of guardian spirit (around neck)
 L - an uncursed ring of resist corrosion
 U - an uncursed ring of protection from magic
Wands
 r - a wand of flame (132)
 G - a wand of disintegration (11)
 H - a wand of digging (69)
 K - a wand of iceblast (42)
 O - a wand of clouds (6)
 T - a wand of paralysis (38)
 V - a wand of acid (17)
Scrolls
 a - 3 scrolls of identify
 d - 6 scrolls of teleportation
 j - 6 scrolls of fog
 l - 19 scrolls of remove curse
 m - 4 scrolls of fear
 q - a scroll of enchant weapon
 y - 3 scrolls of magic mapping
 A - 6 scrolls of blinking
 M - 3 scrolls of silence
Potions
 e - 9 potions of agility
 g - 4 potions of cancellation
 n - a potion of invisibility
 o - a potion of berserk rage
 p - 3 potions of might
 s - 16 potions of curing
 z - 6 potions of haste
 D - 8 potions of mutation
 I - 6 potions of heal wounds
 P - 4 potions of ambrosia
 X - 2 potions of resistance
Comestibles
 c - 50 rations


   Skills:
 + Level 18.1 Fighting
   Level 1.7(10.5) Axes
 + Level 16.6(16.7) Maces & Flails
 + Level 18.1 Armour
 * Level 19.3 Dodging
 + Level 13.6 Shields
 + Level 4.0 Spellcasting
 + Level 4.0 Charms
 + Level 3.4 Necromancy
 + Level 18.0 Invocations


You had 28 spell levels left.
You knew the following spells:

 Your Spells              Type           Power        Failure   Level  Hunger
a - Regeneration          Chrm/Necr      ##........   11%         3    ###....

Your spell library contained the following spells:

 Spells                   Type           Power        Failure   Level  Hunger
 Cause Fear               Hex            #.........   89%         4    ####...
 Magic Dart               Conj           #...         17%         1    None
 Fireball                 Conj/Fire      #.........   99%         5    ######.
 Apportation              Tloc           #.....       17%         1    None
 Conjure Flame            Conj/Fire      #.......     47%         3    ###....
 Bolt of Fire             Conj/Fire      #.........   100%        6    #######
 Bolt of Cold             Conj/Ice       #.........   100%        6    #######
 Lightning Bolt           Conj/Air       #.........   99%         5    ######.
 Bolt of Magma            Conj/Fire/Erth #.........   99%         5    ######.
 Slow                     Hex            #.......     26%         2    #......
 Confuse                  Hex            #.......     47%         3    ###....
 Invisibility             Hex            #.......     100%        6    #######
 Throw Frost              Conj/Ice       #.....       26%         2    #......
 Freezing Cloud           Conj/Ice/Air   #.........   100%        6    #######
 Mephitic Cloud           Conj/Pois/Air  #.......     47%         3    ###....
 Ring of Flames           Chrm/Fire      #.........   100%        7    #######
 Summon Small Mammal      Summ           #...         17%         1    None
 Lehudib's Crystal Spear  Conj/Erth      #.........   100%        8    #######
 Fire Storm               Conj/Fire      #.........   100%        9    #######
 Iskenderun's Mystic Bla  Conj           #.......     89%         4    ####...
 Animate Skeleton         Necr           N/A          3%          1    None
 Vampiric Draining        Necr           ##........   12%         3    ###....
 Freeze                   Ice            #...         17%         1    None
 Ozocubu's Refrigeration  Ice            #.........   100%        6    #######
 Summon Ice Beast         Ice/Summ       #.......     89%         4    ####...
 Ozocubu's Armour         Chrm/Ice       #.......     22%         3    ###....
 Call Imp                 Summ           #.......     26%         2    #......
 Dispel Undead            Necr           ##......     78%         5    ######.
 Poison Arrow             Conj/Pois      #.........   100%        6    #######
 Sting                    Conj/Pois      #...         17%         1    None
 Sublimation of Blood     Necr           ##........   5%          2    #......
 Tukima's Dance           Hex            #.......     47%         3    ###....
 Summon Demon             Summ           #.........   99%         5    ######.
 Iron Shot                Conj/Erth      #.........   100%        6    #######
 Shock                    Conj/Air       #...         17%         1    None
 Swiftness                Chrm/Air       #.......     11%         2    #......
 Spider Form              Tmut/Pois      #.........   47%         3    ###....
 Blade Hands              Tmut           #.........   99%         5    ######.
 Statue Form              Tmut/Erth      #........    100%        6    #######
 Ice Form                 Ice/Tmut       #.......     89%         4    ####...
 Dragon Form              Tmut           #.........   100%        7    #######
 Throw Icicle             Conj/Ice       #.......     89%         4    ####...
 Glaciate                 Conj/Ice       #.........   100%        9    #######
 Airstrike                Air            #.........   89%         4    ####...
 Shadow Creatures         Summ           N/A          100%        6    #######
 Confusing Touch          Hex            #.....       17%         1    None
 Passwall                 Tmut/Erth      #.........   26%         2    #......
 Ignite Poison            Fire/Tmut/Pois #.......     47%         3    ###....
 Sticks to Snakes         Tmut           #.......     26%         2    #......
 Call Canine Familiar     Summ           #.......     47%         3    ###....
 Ensorcelled Hibernation  Hex/Ice        #.....       26%         2    #......
 Metabolic Englaciation   Hex/Ice        #.........   99%         5    ######.
 Summon Butterflies       Summ           #.......     17%         1    None
 Silence                  Hex/Air        #.........   99%         5    ######.
 Shatter                  Erth           #.........   100%        9    #######
 Static Discharge         Conj/Air       #.......     47%         3    ###....
 Corona                   Hex            #......      17%         1    None
 Alistair's Intoxication  Tmut/Pois      #.......     99%         5    ######.
 Lee's Rapid Deconstruct  Erth           #.........   99%         5    ######.
 Simulacrum               Ice/Necr       #.........   100%        6    #######
 Chain Lightning          Conj/Air       #.........   100%        8    #######
 Portal Projectile        Hex/Tloc       #.....       47%         3    ###....
 Petrify                  Tmut/Erth      #.......     89%         4    ####...
 Passage of Golubria      Tloc           N/A          89%         4    ####...
 Tornado                  Air            #.........   100%        9    #######
 Leda's Liquefaction      Hex/Erth       #.........   89%         4    ####...
 Darkness                 Hex            #.........   100%        6    #######
 Shroud of Golubria       Chrm/Tloc      #.........   11%         2    #......
 Inner Flame              Hex/Fire       #.......     47%         3    ###....
 Beastly Appendage        Tmut           #.....       17%         1    None
 Fulminant Prism          Conj/Hex       #.........   89%         4    ####...
 Dazzling Spray           Conj/Hex       #.....       47%         3    ###....
 Force Lance              Conj/Tloc      #.......     89%         4    ####...
 Infusion                 Chrm           ##..         2%          1    None
 Song of Slaying          Chrm           ##......     4%          2    #......
 Spectral Weapon          Hex/Chrm       #.......     22%         3    ###....
 Searing Ray              Conj           #.....       26%         2    #......
 Summon Lightning Spire   Summ/Air       #.......     89%         4    ####...
 Summon Guardian Golem    Hex/Summ       #.......     47%         3    ###....
 Summon Mana Viper        Hex/Summ       #.......     99%         5    ######.
 Hydra Form               Tmut           #.........   100%        6    #######
 Irradiate                Conj/Tmut      #.........   99%         5    ######.
 Gell's Gravitas          Tloc           #.........   47%         3    ###....
 Yara's Violent Unravell  Hex/Tmut       #.........   99%         5    ######.
 Lesser Beckoning         Tloc           #.........   47%         3    ###....
 Poisonous Vapours        Pois/Air       #.....       26%         2    #......
 Ignition                 Fire           #.........   100%        8    #######
 Borgnjor's Vile Clutch   Necr/Erth      #.........   95%         5    ######.


Dungeon Overview and Level Annotations

Branches:
Dungeon (15/15)            Temple (1/1) D:4            Lair (6/6) D:9
 Shoals (4/4) Lair:3       Spider (4/4) Lair:2        Slime (5/5) Lair:5
    Orc (2/2) D:12            Elf (3/3) Orc:2        Vaults (5/5) D:13
  Crypt (0/3) Vaults:3     Depths (0/5) D:15

Altars:
Ashenzari
Cheibriados
Dithmenos
Elyvilon
Fedhas
Gozag
Hepliaklqana
Kikubaaqudgha
Makhleb
Nemelex Xobeh
Okawaru
Qazlal
Ru
Sif Muna
Trog
Uskayaw
Vehumet
Wu Jian
Xom
Yredelemnul
Zin
The Shining One
Jiyva

Shops:
D:5 !   D:11 ?   Orc:2 ?:([   Elf:2 %   Elf:3 ?   Shoals:2 }*   Shoals:3 }
Vaults:1 :   Vaults:2 !*}   Vaults:3 }   Vaults:4 =

Portals:
Trove: D:11 (give +4 demon whip)

Annotations:
Lair:6 1 runed door


Innate Abilities, Weirdness & Mutations

You are resistant to torment.
Your stone body is resilient. (AC +18)
You are immune to poison.
Your large and strong wings let you fly indefinitely.
You resist negative energy. (rN+)
You are resistant to electric shocks. (rElec)
You can survive without breathing.
You are immune to petrification.
You are immune to rotting.
Your skin changes colour to match your surroundings (Stealth+).
You are agile. (Dex +2)
Scrolls take you a little longer to read.
Your mind is very acute. (Int +4)
Your body often deteriorates upon taking damage.
Your flesh is heat resistant. (rF+)
You do not regenerate when monsters are visible.
Potions are less effective at restoring your health.
Your spells are easier to cast, but less powerful.


Message History

The azure jelly completely misses you. You block the azure jelly's attack.
The acid blob spits acid at you. The splash of acid misses you.
The splash of acid hits the azure jelly.
The azure jelly completely resists.
The azure jelly hits you but does no damage.
You block the azure jelly's attack. The azure jelly misses you.
You block the azure jelly's attack.
The death ooze hits you but does no damage.
The death ooze hits you!
* * * LOW HITPOINT WARNING * * *
The azure jelly completely misses you.
The azure jelly hits you but does no damage. x2
The azure jelly closely misses you. You block the death ooze's attack.
The death ooze hits you but does no damage.
The acid blob spits acid at you. The splash of acid hits you! You resist.
* * * LOW HITPOINT WARNING * * *
You are splashed with acid!
The acid burns!
You resist.
You die...

......###..##... .. .##.
................ .##.#..
................#J#...#.
...#...........#...#....
...##.........#.J.......
..###...................
.###....................
###............JJJ......
##.............J@J......
..........#....JJJ......
........................
.....#..................
#####...................
#...................
#.....................
.....#.........##......
....#........### ......


You could see 4 acid blobs, 4 azure jellies and 2 death oozes.

Vanquished Creatures
  the Royal Jelly (Slime:5)
  A shard shrike (Vaults:4)
  The ghost of Totori the Slayer, a veteran DrBe of Trog (Elf:3)
  A bone dragon (Vaults:3)
  Jorgrun (Vaults:5)
  5 tentacled monstrosities
  4 titans
  A deep elf master archer (Elf:3)
  3 deep elf blademasters
  Polyphemus (Shoals:3)
  Frances (Spider:2)
  11 acid blobs
  2 sphinxes (Vaults:4)
  A storm dragon (Vaults:4)
  4 shadow dragons (Vaults:5)
  Donald (Orc:2)
  7 azure jellies
  Ilsuiw (Shoals:4)
  3 tengu reavers
  5 frost giants
  8 deep elf sorcerers
  2 iron dragons (Vaults:5)
  4 ghost moths
  An orc warlord (Orc:2)
  Louise (Spider:4)
  15 vault wardens
  5 war gargoyles
  3 deep elf elementalists
  6 emperor scorpions
  9 ironheart preservers
  A stone giant (shapeshifter) (Vaults:4)
  2 very ugly things (Vaults:5)
  An entropy weaver (Spider:1)
  12 stone giants
  5 deep elf annihilators
  2 spark wasps (Spider:4)
  A minotaur (Vaults:3)
  Azrael (D:13)
  8 deep elf demonologists
  A dire elephant (D:15)
  6 deep elf death magi
  4 ettins (Vaults:5)
  2 merfolk javelineers
  9 merfolk impalers
  5 yaktaur captains
  Josephine (D:11)
  4 great orbs of eyes
  5 fire dragons
  Fannar (D:12)
  2 ice dragons (Vaults:5)
  8 deep elf high priests
  43 vault guards
  2 rakshasas
  3 merfolk avatars
  3 catoblepae
  3 centaur warriors
  3 hydras
  2 merfolk aquamancers (Shoals:4)
  36 two-headed ogres
  Erica (D:8)
  An anaconda (shapeshifter) (Vaults:4)
  A death knight (Vaults:2)
  10 ogre magi
  15 death yaks
  A queen ant (Vaults:3)
  4 satyrs
  22 dancing weapons
  A shock serpent (shapeshifter) (Vaults:3)
  A tengu warrior (D:14)
  3 orc high priests (Orc:2)
  31 deep elf knights
  Nergalle (D:12)
  4 shadow wraiths
  5 deep trolls
  3 unseen horrors
  6 skeletal warriors
  An unseen horror (shapeshifter) (Vaults:2)
  A swamp dragon (Lair:6)
  A wizard (D:12)
  10 sea snakes
  2 glowing orange brains (Vaults:5)
  2 lindwurms (Lair:6)
  A lindwurm (shapeshifter) (Vaults:2)
  23 orc knights
  28 harpies
  2 anaconda skeletons (Volcano)
  12 ironbrand convokers
  2 phantasmal warriors (Vaults:5)
  36 wolf spiders
  A flayed ghost (Vaults:1)
  17 deep elf archers
  19 ugly things
  15 orb spiders
  An orb spider (shapeshifter) (Vaults:1)
  60 deep elf magi
  6 orc sorcerers
  24 manticores
  8 shining eyes
  2 moths of wrath (Spider:1)
  13 fauns
  11 elephants
  A large abomination (Abyss:3)
  9 cyclopes
  A water nymph (shapeshifter) (Vaults:2)
  4 centaur zombies
  An eye of devastation (Slime:4)
  9 vault sentinels
  4 water nymphs
  4 black mambas
  11 spiny frogs
  2 gargoyles (Volcano)
  8 merfolk sirens
  7 torpor snails
  11 freezing wraiths
  5 komodo dragons
  28 yaktaurs
  6 kobold demonologists
  An efreet (D:12)
  6 rime drakes
  11 demonic crawlers
  A tengu conjurer (D:14)
  2 jumping spiders (shapeshifter)
  A queen bee (shapeshifter) (Vaults:4)
  7 wind drakes
  2 polar bears
  41 merfolk
  3 tyrant leeches (Lair:6)
  A polar bear (shapeshifter) (Vaults:1)
  37 jumping spiders
  20 hornets
  8 trolls
  A sphinx simulacrum (Vaults:2)
  A raiju (shapeshifter) (Vaults:2)
  A stone giant simulacrum (Vaults:2)
  A harpy skeleton (Volcano)
  87 slime creatures
  15 snapping turtles
  10 hippogriffs
  A dream sheep (Vaults:2)
  A dream sheep (shapeshifter) (Vaults:5)
  41 blink frogs
  54 redbacks
  3 flying skulls (Volcano)
  6 air elementals
  8 water elementals
  A spriggan (shapeshifter) (Vaults:4)
  A shadow (D:14)
  A tarantella (shapeshifter) (Vaults:4)
  5 wraiths (D:11)
  23 tarantellas
  A vampire (D:13)
  43 yaks
  7 wyverns
  8 fire elementals
  A human (shapeshifter) (Vaults:5)
  5 golden eyes
  3 vampire mosquitoes (D:15)
  A hungry ghost (D:13)
  5 basilisks
  6 steam dragons
  8 wargs
  2 soldier ants
  A soldier ant (shapeshifter) (Vaults:3)
  6 acid dragons
  4 hell hounds
  14 water moccasins
  A floating eye (shapeshifter) (D:12)
  56 orc warriors
  9 porcupines
  A black bear (shapeshifter) (D:15)
  A necrophage (D:14)
  3 swamp drakes (Lair:6)
  3 ice beasts
  5 sky beasts
  2 black bears
  34 ogres
  6 phantoms
  8 eyes of draining
  25 centaurs
  7 wolves
  10 big kobolds
  16 crocodiles
  A gnoll sergeant (D:12)
  12 bullfrogs
  5 earth elementals
  3 small abominations
  2 water moccasin zombies (Ossuary)
  4 killer bees (D:12)
  5 scorpions
  A water moccasin skeleton (D:5)
  8 wights
  A spriggan skeleton (Volcano)
  5 electric eels
  6 howler monkeys
  A troll skeleton (Volcano)
  A howler monkey (shapeshifter) (Vaults:2)
  13 crimson imps
  8 bullfrog zombies
  2 quasits
  7 hounds
  2 jellies
  29 orc priests
  4 centaur skeletons
  2 bullfrog skeletons
  Jessica (D:14)
  Terence (D:3)
  3 iguanas
  Natasha (thrice) (D:2)
  28 orc wizards
  11 worker ants
  A big kobold zombie (Ossuary)
  2 mummies (Ossuary)
  2 worker ant zombies
  12 gnolls
  14 adders
  4 shadow imps
  An ufetubus (Vaults:3)
  3 adder zombies
  3 adder skeletons
  4 worms
  3 dart slugs
  3 leopard geckos
  116 orcs
  3 ball pythons
  11 giant cockroaches
  4 gnoll zombies (Ossuary)
  8 hobgoblins
  9 jackals
  3 quokkas
  11 bats
  3 frilled lizards
  A giant cockroach zombie (D:5)
  6 goblins
  A goblin zombie (D:4)
  4 hobgoblin zombies (Ossuary)
  30 kobolds
  6 kobold zombies (Ossuary)
  2 leopard gecko skeletons
  A leopard gecko zombie (D:5)
  5 orc zombies (Ossuary)
  A quokka zombie (D:4)
  4 rats
1958 creatures vanquished.

Vanquished Creatures (collateral kills)
  An acid blob (Slime:5)
  An azure jelly (Slime:5)
  A fire giant (Vaults:5)
  A frost giant (Vaults:5)
  An entropy weaver (Vaults:5)
  A death ooze (Slime:5)
  A deep troll (Vaults:3)
  An ironbrand convoker (Vaults:1)
  A shining eye (Slime:5)
  2 slime creatures
  A komodo dragon (shapeshifter) (Vaults:2)
  2 tarantellas (Vaults:5)
  An eye of draining (Slime:5)
  An orc warrior (Vaults:1)
  4 ogres
20 creatures vanquished.

Vanquished Creatures (others)
  A deep elf master archer (Elf:3)
  2 sphinxes
  An eldritch tentacle (Vaults:5)
  2 vault wardens (Vaults:5)
  An ironheart preserver (Vaults:1)
  2 entropy weavers
  A deep elf demonologist (Vaults:4)
  An ettin (D:12)
  3 merfolk javelineers (Shoals:4)
  2 yaktaur captains
  A merfolk impaler (Shoals:4)
  3 hydras
  2 centaur warriors
  A satyr (Shoals:2)
  2 ogre magi
  A deep troll earth mage (Vaults:4)
  2 deep elf knights
  7 deep elf archers
  An ironbrand convoker (Vaults:4)
  2 harpies (Shoals:1)
  5 oklob plants (Lair:5)
  2 deep elf magi
  A faun (Shoals:1)
  A shining eye (Slime:1)
  3 orb spiders (Spider:3)
  3 orc sorcerers
  A cyclops (Vaults:1)
  2 merfolk sirens (Shoals:4)
  A gargoyle (Volcano)
  6 yaktaurs
  A jumping spider (Spider:4)
  A human (shapeshifter) (Elf:2)
  2 spatial vortices (Vaults:5)
  A floating eye (shapeshifter) (Elf:3)
  2 orc warriors (Vaults:1)
  An eye of draining (Slime:4)
  2 ogres (Vaults:5)
  An orc priest (Orc:2)
  4 ball lightnings
  An orc (Vaults:1)
  2 bushes (Lair:6)
  3 fire vortices
  15 fungi
  37 plants
  A withered plant (D:5)
137 creatures vanquished.

Grand Total: 2115 creatures vanquished

Notes
Turn   | Place    | Note
-------+----------+-------------------------------------------
     0 | Abyss:1  | Borgoz the Gargoyle Abyssal Knight began the quest for the Orb.
     0 | Abyss:1  | Reached XP level 1. HP: 14/14 MP: 2/2
    63 | Abyss:2  | Got a pitted flail
    64 | Abyss:2  | Identified the +4 flail of Nossioss {venom, Str+4} (You found it on level 2 of the Abyss)
    66 | Abyss:2  | Noticed a large abomination
    67 | D:1      | Escaped the Abyss
   148 | D:1      | Reached skill level 1 in Dodging
   202 | D:1      | Reached XP level 2. HP: 19/19 MP: 3/3
   267 | D:1      | Reached * piety under Lugonu
   677 | D:1      | Reached XP level 3. HP: 22/23 MP: 4/4
   878 | D:2      | Reached skill level 1 in Maces & Flails
   955 | D:2      | Noticed Natasha
   962 | D:2      | HP: 1/23 [Natasha/magic dart (9)]
   963 | D:2      | Killed Natasha
   963 | D:2      | Reached XP level 4. HP: 2/29 MP: 5/5
  1381 | D:2      | Reached skill level 2 in Dodging
  1551 | D:2      | Noticed Natasha
  1555 | D:2      | Killed Natasha
  1555 | D:2      | Reached XP level 5. HP: 33/33 MP: 5/7
  1668 | D:2      | Noticed Natasha
  1673 | D:2      | Killed Natasha
  1795 | D:3      | Reached ** piety under Lugonu
  1836 | D:3      | Found a glowing golden altar of the Shining One.
  2019 | D:3      | Reached XP level 6. HP: 22/38 MP: 8/8
  2184 | D:3      | Noticed Terence
  2192 | D:3      | Killed Terence
  2455 | D:4      | Found a sand-covered staircase.
  2471 | Ossuary  | Entered an ossuary
  2503 | Ossuary  | Reached skill level 3 in Dodging
  2655 | Ossuary  | Reached *** piety under Lugonu
  2720 | Ossuary  | Reached XP level 7. HP: 19/44 MP: 9/9
  3429 | D:4      | Found a staircase to the Ecumenical Temple.
  3447 | Temple   | Entered the Ecumenical Temple
  3629 | D:4      | Reached skill level 4 in Dodging
  3743 | D:4      | Reached skill level 5 in Fighting
  3743 | D:4      | Reached XP level 8. HP: 25/49 MP: 11/11
  4493 | D:5      | Entered Level 5 of the Dungeon
  5036 | D:5      | Reached skill level 5 in Armour
  5040 | D:5      | Reached skill level 5 in Dodging
  5133 | D:5      | Found Dekkex's Distillery.
  5136 | D:5      | Bought a potion of might for 52 gold pieces
  5136 | D:5      | Bought a potion of heal wounds for 65 gold pieces
  5303 | D:5      | Reached skill level 5 in Invocations
  5406 | D:6      | Reached **** piety under Lugonu
  5479 | D:6      | Reached XP level 9. HP: 55/55 MP: 12/12
  5908 | D:6      | Found a glowing silver altar of Zin.
  5909 | D:6      | Found a hide-covered altar of Uskayaw.
  5909 | D:6      | Found a blossoming altar of Fedhas.
  6009 | D:6      | Found a white marble altar of Elyvilon.
  6010 | D:6      | Found a glowing golden altar of the Shining One.
  6277 | D:7      | Reached skill level 6 in Dodging
  6670 | D:7      | Found a sacrificial altar of Ru.
  6822 | D:7      | Reached skill level 5 in Maces & Flails
  7471 | D:7      | Reached XP level 10. HP: 32/61 MP: 8/14
  7629 | D:8      | Reached ***** piety under Lugonu
  7751 | D:8      | Reached skill level 7 in Dodging
  7753 | D:8      | Noticed Erica
  7767 | D:8      | Killed Erica
  8339 | D:8      | Noticed a brown ugly thing
  8356 | D:8      | Killed a brown ugly thing
  8440 | D:8      | Got a slimy rapier {drain}
  8742 | D:8      | Identified the +5 rapier of the Vaults {drain, Str+4 SInv} (You took it off a kobold on level 8 of the Dungeon)
  9220 | D:9      | Reached skill level 8 in Dodging
  9293 | D:9      | Reached XP level 11. HP: 54/68 MP: 10/16
  9609 | D:9      | Noticed a two-headed ogre
  9618 | D:9      | Killed a two-headed ogre
  9706 | D:9      | Found a staircase to the Lair.
 10067 | D:10     | Entered Level 10 of the Dungeon
 10264 | D:10     | Noticed a two-headed ogre
 10284 | D:10     | Killed a two-headed ogre
 10362 | D:10     | Found an ornate altar of the Wu Jian Council.
 11032 | D:11     | Got a transparent rapier
 11081 | D:11     | Found Ethijar's Magic Scroll Shop.
 11160 | D:11     | Found a portal to a secret trove of treasure.
 11170 | D:11     | Noticed a manticore
 11182 | D:11     | Killed a manticore
 11192 | D:11     | Identified the +9 rapier "Rih Muxyni" {pierce, rPois} (You found it on level 11 of the Dungeon)
 11428 | D:11     | Noticed Josephine
 11443 | D:11     | Killed Josephine
 11443 | D:11     | Reached skill level 9 in Dodging
 11577 | D:11     | Noticed a two-headed ogre
 11652 | D:11     | Noticed a brown ugly thing
 11654 | D:11     | Killed a two-headed ogre
 11674 | D:11     | Killed a brown ugly thing
 12018 | D:12     | You fall through a shaft for 2 floors!
 12036 | D:14     | Reached XP level 12. HP: 73/76 MP: 18/18
 12085 | D:15     | Entered Level 15 of the Dungeon
 12958 | D:13     | Reached ****** piety under Lugonu
 12994 | D:13     | Noticed a vault guard
 12994 | D:13     | Noticed a vault guard
 12999 | D:13     | Noticed Azrael
 13018 | D:12     | Reached skill level 10 in Dodging
 13164 | D:12     | Noticed an ettin
 13166 | D:12     | Banished an ettin
 13206 | D:12     | Noticed Fannar
 13224 | D:12     | Noticed a seven-headed hydra
 13226 | D:12     | Killed Fannar
 13230 | D:12     | Banished a seven-headed hydra
 13630 | D:12     | Reached skill level 10 in Fighting
 13893 | D:5      | Bought a potion of heal wounds for 65 gold pieces
 13893 | D:5      | Bought a potion of heal wounds for 65 gold pieces
 13893 | D:5      | Bought 2 potions of ambrosia for 208 gold pieces
 14017 | Lair:1   | Entered Level 1 of the Lair of Beasts
 14020 | Lair:1   | Noticed a four-headed hydra
 14033 | Lair:1   | Killed a four-headed hydra
 14401 | Lair:1   | Reached XP level 13. HP: 63/82 MP: 20/20
 14413 | Lair:1   | Reached skill level 10 in Armour
 14606 | Lair:1   | Reached skill level 10 in Invocations
 16412 | Lair:2   | Found a hole to the Spider Nest.
 16483 | Lair:2   | Reached skill level 11 in Dodging
 18090 | Lair:3   | Found a dark tunnel.
 18101 | Volcano  | Entered a volcano
 18889 | Lair:3   | Gained mutation: Your large and strong wings let you fly indefinitely. [Gargoyle growth]
 18889 | Lair:3   | Reached XP level 14. HP: 74/90 MP: 18/22
 19352 | Lair:3   | Found a staircase to the Shoals.
 20114 | Lair:4   | Reached skill level 10 in Maces & Flails
 20831 | Lair:4   | Reached skill level 12 in Dodging
 22459 | Lair:5   | Identified Sif Muna's Papyrus of Unstable Earth
 22653 | Lair:5   | Found a staircase to the Slime Pits.
 22982 | Lair:6   | Entered Level 6 of the Lair of Beasts
 24116 | Lair:6   | Reached XP level 15. HP: 65/96 MP: 16/23
 24667 | Lair:6   | Found a runed door.
 25090 | Lair:6   | Reached skill level 13 in Dodging
 26635 | D:12     | Found a staircase to the Orcish Mines.
 26860 | D:12     | Noticed a tengu reaver
 26874 | D:12     | Killed a tengu reaver
 28214 | D:13     | Killed Azrael
 28600 | D:13     | Found a gate to the Vaults.
 29728 | D:14     | Reached XP level 16. HP: 103/103 MP: 25/25
 29759 | D:14     | Noticed Jessica
 29769 | D:14     | Killed Jessica
 29772 | D:14     | Found a deep blue altar of Sif Muna.
 30223 | D:15     | Found a staircase to the Depths.
 31219 | Orc:1    | Entered Level 1 of the Orcish Mines
 31477 | Orc:1    | Noticed Nergalle
 31676 | D:12     | Killed Nergalle
 31998 | Orc:2    | Entered Level 2 of the Orcish Mines
 32092 | Orc:2    | Found Ypho's Magic Scroll Emporium.
 32522 | Orc:2    | Reached skill level 14 in Dodging
 32649 | Orc:2    | Found a staircase to the Elven Halls.
 32834 | Orc:2    | Found Tatyd's Antique Armour Shoppe.
 32834 | Orc:2    | Found Dedu's Antique Weapon Shoppe.
 32837 | Orc:2    | Found Qebium's General Store.
 32837 | Orc:2    | Found Lyzxit's Book Emporium.
 33219 | Orc:2    | Gained mutation: Scrolls take you a little longer to read. [a neqoxec]
 33222 | Orc:2    | Gained mutation: You are occasionally teleported next to monsters. [a neqoxec]
 33781 | Orc:2    | Gained mutation: You are clumsy. (Dex -2) [a neqoxec]
 34326 | Orc:2    | Bought a scroll of enchant armour for 112 gold pieces
 34326 | Orc:2    | Bought a scroll of enchant armour for 112 gold pieces
 34326 | Orc:2    | Bought a scroll of teleportation for 45 gold pieces
 34326 | Orc:2    | Bought a scroll of identify for 30 gold pieces
 34484 | D:5      | Bought a potion of agility for 52 gold pieces
 34593 | D:11     | Bought a scroll of silence for 97 gold pieces
 34593 | D:11     | Bought a scroll of summoning for 123 gold pieces
 34593 | D:11     | Bought a scroll of blinking for 97 gold pieces
 34703 | Elf:1    | Entered Level 1 of the Elven Halls
 34789 | Elf:1    | Noticed Donald
 34824 | Orc:2    | Killed Donald
 35428 | Elf:2    | Got an iridescent spear
 35520 | Elf:2    | Found a runed gate.
 35520 | Elf:2    | Found a runed gate.
 35521 | Elf:2    | Found a runed gate.
 35556 | Elf:2    | Reached skill level 1 in Shields
 36220 | Elf:2    | Found Weef's Food Emporium.
 36226 | Elf:2    | Bought a ration for 70 gold pieces
 36226 | Elf:2    | Bought a ration for 70 gold pieces
 36226 | Elf:2    | Bought a ration for 70 gold pieces
 36458 | Elf:3    | Entered Level 3 of the Elven Halls
 36838 | Shoals:1 | Entered Level 1 of the Shoals
 37344 | Lair:1   | Lost mutation: Scrolls take you a little longer to read. [potion of mutation]
 37344 | Lair:1   | Lost mutation: You are clumsy. (Dex -2) [potion of mutation]
 37344 | Lair:1   | Gained mutation: Your flesh is heat resistant. (rF+) [potion of mutation]
 37344 | Lair:1   | Gained mutation: Your mind is acute. (Int +2) [potion of mutation]
 37344 | Lair:1   | Gained mutation: You evolve. [potion of mutation]
 37952 | Shoals:1 | Reached XP level 17. HP: 103/109 MP: 27/27
 38121 | Shoals:1 | Lost mutation: You are occasionally teleported next to monsters. [evolution]
 38871 | Shoals:2 | Identified 3 scrolls of acquirement
 38876 | Shoals:2 | Got an encrusted hat
 38887 | Shoals:2 | Identified the +0 hat of the Arcane {rPois Int+5} (You acquired it on level 2 of the Shoals)
 39189 | Shoals:2 | Found Kusosch's Gadget Shop.
 39324 | Shoals:2 | Found Suralec's Assorted Antiques.
 39332 | Shoals:2 | Bought a scroll of teleportation for 111 gold pieces
 39332 | Shoals:2 | Bought a potion of might for 148 gold pieces
 40002 | Shoals:3 | Found Koweiw's Gadget Boutique.
 40047 | Shoals:3 | Gained mutation: Your spells are a little easier to cast, but a little less powerful. [evolution]
 40507 | Shoals:3 | Got a jewelled chain mail
 40562 | Shoals:3 | Noticed a titan
 40580 | Shoals:3 | Identified the cursed +1 chain mail "Jigoaf" {rElec rCorr Slay+2} (You found it on level 3 of the Shoals)
 40595 | Shoals:3 | Killed a titan
 40610 | Shoals:3 | Identified the Catalogue of Heat and Confrontation
 41359 | Shoals:4 | Entered Level 4 of the Shoals
 41598 | Shoals:4 | Noticed Ilsuiw
 41632 | Shoals:3 | Reached skill level 15 in Dodging
 41861 | Shoals:4 | Reached skill level 5 in Shields
 41903 | Shoals:4 | Killed Ilsuiw
 43166 | Shoals:4 | Reached XP level 18. HP: 116/116 MP: 19/28
 43415 | Shoals:4 | Noticed Polyphemus
 43462 | Shoals:3 | Killed Polyphemus
 44549 | Shoals:4 | Got a barnacled rune of Zot
 45944 | Shoals:1 | Gained mutation: Your muscles are strong. (Str +2) [evolution]
 46127 | Spider:1 | Entered Level 1 of the Spider Nest
 47205 | Spider:2 | Noticed Frances
 47227 | Spider:2 | Killed Frances
 47555 | Spider:2 | You are sucked into a shaft!
 49087 | Spider:3 | Reached XP level 19. HP: 123/123 MP: 30/30
 49118 | Spider:4 | Entered Level 4 of the Spider Nest
 50192 | Spider:4 | Reached skill level 15 in Fighting
 50330 | Spider:4 | Reached skill level 16 in Dodging
 50367 | Spider:4 | Noticed Louise
 50372 | Spider:4 | Cast into level 3 of the Abyss (Louise)
 50415 | Spider:4 | Escaped the Abyss
 50433 | Spider:4 | Killed Louise
 51195 | Spider:4 | Reached skill level 15 in Armour
 51339 | Spider:4 | Reached skill level 15 in Invocations
 52591 | Spider:4 | Got a gossamer rune of Zot
 55545 | Elf:2    | Reached XP level 20. HP: 114/130 MP: 26/31
 55688 | Elf:2    | Lost mutation: Your muscles are strong. (Str +2) [evolution]
 58033 | Elf:2    | Cast into level 3 of the Abyss (a deep elf sorcerer)
 58033 | Abyss:3  | Found a corrupted altar of Lugonu.
 58050 | Elf:2    | Escaped the Abyss
 58583 | Elf:3    | Noticed a Tzitzimitl
 59246 | Elf:3    | Noticed Totori's ghost (veteran DrBe)
 59521 | Elf:2    | Got a pair of spiked boots
 59521 | Elf:2    | Got a sparkling bone ring
 59532 | Elf:2    | Identified the +2 pair of boots of a sewer {rF- rCorr Dex+6 SInv} (You acquired it on level 2 of the Elven Halls)
 59546 | Elf:2    | Identified the ring of Fyvoset {*Drain +Inv rC+ rN+++ Int-2} (You acquired it on level 2 of the Elven Halls)
 60191 | Elf:3    | Reached skill level 17 in Dodging
 60540 | Elf:3    | Killed Totori's ghost
 60540 | Elf:3    | Reached skill level 10 in Shields
 60764 | Elf:3    | Found Aruxics's Magic Scroll Boutique.
 60772 | Elf:3    | Bought a scroll of magic mapping for 63 gold pieces
 61567 | Elf:3    | Got a pair of polished gloves
 61610 | Elf:3    | Got a pair of spiked gloves
 61640 | Elf:3    | Identified the +1 pair of gloves of the Doge {rF+ MR+ MP+9 Dex+4} (You found it on level 3 of the Elven Halls)
 61641 | Elf:3    | Identified the +5 pair of gloves of Leaves {rF+ rN+ Str+5 Int-5} (You found it on level 3 of the Elven Halls)
 61935 | Vaults:1 | Entered Level 1 of the Vaults
 62385 | Vaults:1 | Reached XP level 21. HP: 134/136 MP: 13/32
 62907 | Vaults:1 | Found Dubi's Book Emporium.
 64067 | Vaults:2 | Found Ytruax Juda's General Store.
 64075 | Vaults:2 | Bought a potion of might for 80 gold pieces
 64574 | Vaults:2 | Gained mutation: Your skin changes colour to match your surroundings (Stealth+). [evolution]
 64603 | Vaults:2 | Reached skill level 15 in Maces & Flails
 64990 | Vaults:2 | Found Gonkello's Distillery.
 64998 | Vaults:2 | Bought 2 potions of agility for 136 gold pieces
 64998 | Vaults:2 | Bought a potion of heal wounds for 85 gold pieces
 64998 | Vaults:2 | Bought a potion of curing for 51 gold pieces
 66147 | Vaults:2 | Found Isazom's Gadget Emporium.
 66172 | Vaults:2 | Reached XP level 22. HP: 137/144 MP: 14/34
 66913 | Vaults:3 | Found Tadgh's Gadget Shoppe.
 67602 | Vaults:3 | Found a staircase to the Crypt.
 67659 | Vaults:3 | Reached skill level 18 in Dodging
 68692 | Vaults:4 | Gained mutation: Your mind is very acute. (Int +4) [evolution]
 69034 | Vaults:4 | Learned a level 3 spell: Regeneration
 69633 | Vaults:4 | Found Raylying's Jewellery Emporium.
 70389 | Vaults:5 | Entered Level 5 of the Vaults
 71385 | Vaults:4 | Reached XP level 23. HP: 134/150 MP: 12/35
 71478 | Vaults:4 | Noticed a shard shrike
 71478 | Vaults:4 | a titan changed into a shard shrike
 71481 | Vaults:4 | Killed a shard shrike
 72317 | Vaults:5 | Got a bloodstained robe
 72707 | Vaults:5 | Found the +7 great mace "Undeadhunter" {disrupt, rN+}
 72711 | Vaults:5 | Identified Ycodwit's Almanac of Companions
 72715 | Vaults:5 | Identified the +1 robe "Nonitulytz" {Str+3 Slay+2} (You found it on level 5 of the Vaults)
 74354 | Vaults:5 | Got a smoking leather armour
 74490 | Vaults:5 | Got a wavering platinum ring
 74492 | Vaults:5 | Got a translucent jade ring
 74493 | Vaults:5 | Identified the ring "Foqaympy" {Fire -Tele rPois SInv} (You found it on level 5 of the Vaults)
 74504 | Vaults:5 | Identified the +3 leather armour "Idghuso" {MR- Regen+ Str+8 Dex-4} (You found it on level 5 of the Vaults)
 74516 | Vaults:5 | Identified the ring of the Pariah {+Fly Slay+3} (You found it on level 5 of the Vaults)
 74705 | Vaults:5 | Reached skill level 1 in Spellcasting
 74770 | Vaults:5 | Reached skill level 1 in Charms
 74883 | Vaults:5 | Reached skill level 1 in Necromancy
 75738 | Vaults:5 | Identified the Papyrus of Necromancy and the Voyage
 75747 | Vaults:5 | Noticed Jorgrun
 75767 | Vaults:5 | Killed Jorgrun
 75800 | Vaults:5 | Reached skill level 19 in Dodging
 75958 | Vaults:5 | Reached XP level 24. HP: 104/157 MP: 11/35
 76120 | Vaults:5 | Got a silver rune of Zot
 76526 | Vaults:5 | Identified a +2 pair of boots of running (You found it on level 5 of the Vaults)
 77085 | Slime:1  | Entered Level 1 of the Pits of Slime
 77743 | Slime:1  | Gained mutation: Your body sometimes deteriorates upon taking damage. [a shining eye]
 77832 | Slime:2  | Gained mutation: You possess an exceptional clarity of mind. [a shining eye]
 77834 | Slime:2  | Gained mutation: You are clumsy. (Dex -2) [a shining eye]
 79155 | Slime:4  | Gained mutation: You are frail. (-10% HP) [a shining eye]
 79657 | Slime:4  | Gained mutation: You have sharp fingernails. [evolution]
 79670 | Slime:5  | Entered Level 5 of the Pits of Slime
 79673 | Slime:5  | Gained mutation: You are occasionally teleported next to monsters. [a shining eye]
 79675 | Slime:5  | Gained mutation: You do not regenerate when monsters are visible. [a shining eye]
 79678 | Slime:5  | Gained mutation: Potions are less effective at restoring your health. [a shining eye]
 79680 | Slime:5  | Gained mutation: You are weak. (Str -2) [a shining eye]
 79686 | Slime:5  | Gained mutation: Your spells are easier to cast, but less powerful. [a shining eye]
 79699 | Slime:5  | Lost mutation: You are frail. (-10% HP) [potion of mutation]
 79699 | Slime:5  | Lost mutation: You evolve. [potion of mutation]
 79699 | Slime:5  | Lost mutation: You are weak. (Str -2) [potion of mutation]
 79700 | Slime:5  | Lost mutation: You are occasionally teleported next to monsters. [potion of mutation]
 79700 | Slime:5  | Lost mutation: You are clumsy. (Dex -2) [potion of mutation]
 79700 | Slime:5  | Lost mutation: You possess an exceptional clarity of mind. [potion of mutation]
 79700 | Slime:5  | Lost mutation: You have sharp fingernails. [potion of mutation]
 79700 | Slime:5  | Gained mutation: You are agile. (Dex +2) [potion of mutation]
 79727 | Slime:5  | Gained mutation: Your body often deteriorates upon taking damage. [a shining eye]
 79730 | Slime:5  | Gained mutation: Scrolls take you a little longer to read. [a shining eye]
 80005 | Slime:5  | Found a viscous altar of Jiyva.
 80019 | Slime:5  | Noticed the Royal Jelly
 80173 | Slime:5  | Killed the Royal Jelly
 80183 | Slime:4  | HP: 4/157 [acid blob/splash of acid (6)]
 80183 | Slime:4  | Splashed by an acid blob's acid

Vault maps used:
D:1:      nicolae_arrival_memento_mori, minmay_box_of_dots
D:2:      first_ration, uniq_natasha
D:3:      tso_metal_star, uniq_terence
D:4:      temple_fountains, enter_ossuary_4
D:5:      serial_undead, serial_undead_a, serial_undead_e, serial_undead_e,
          serial_undead_b, serial_shops, kennysheep_mini,
          kennysheep_generic_room_16
D:6:      grunt_temple_overflow_open
D:7:      lemuel_crystal_altar, minivault_10
D:8:      uniq_erica
D:9:      david_lair_shrubbed, grunt_pizzeria, minivault_24,
          kennysheep_nondescript, roderic_roman_lattice, minmay_bent
D:10:     basic_altar
D:11:     serial_shops, shop, nicolae_trove_entry_crossroad, uniq_josephine
D:12:     minmay_containers, kennysheep_orc_monster_closet_entryway, uniq_fannar
D:13:     lightli_vaults_fourway_checkpoint, uniq_azrael
D:14:     tgw_sif
D:15:     hangedman_depths_entry_try_elsewhere_first, grunt_decor_clamped,
          stair_cage_cross
Temple:   lightli_temple_of_artemis
Lair:1:   grunt_megastairs_2, lemuel_fruit_fields
Lair:2:   spider_nest_entry_rubble
Lair:3:   minmay_shoals_entry_hut, lightli_volcano_entry_magma_tube
Lair:4:   nzn_random_ring, grunt_megastairs_5, serial_bayou_shore_b
Lair:5:   minmay_slime_entry_oklob_enclosed, minmay_lair_oklob_chamber
Lair:6:   guppyfry_lair_end_dragon, wormcave
Shoals:2: cheibrodos_shoals_roost, serial_shops, shop_coins, shop,
          nicolae_shoals_drake_roost
Shoals:3: cheibrodos_shoals_gigantism, serial_shops,
          nicolae_shop_window_shopping
Shoals:4: shoals_end_grunt_ice, shoal_ilsuiw, uniq_polyphemus
Spider:1: guppyfry_spider_mini_2
Spider:2: uniq_frances
Spider:4: spider_rune_water, uniq_louise
Slime:4:  nicolae_slime_phagocytosis
Orc:1:    uniq_nergalle
Orc:2:    st_orc_congregation, serial_shops, shop
Elf:1:    evilmike_minifort, uniq_donald
Elf:2:    serial_shops, nicolae_shop_waterfront, minivault_27
Elf:3:    minmay_elf_hall_quartered_circle, serial_shops, shop
Vaults:1: hangedman_vaults_corner, hangedman_vaults_impose, v_misc_5,
          nicolae_vaults_windows_and_doors_thing, v_alt_pattern_6,
          ontoclasm_vaults_misaligned, nicolae_vaults_hallways_thing,
          ontoclasm_vaults_eye, vaults_room_glass_cross,
          nicolae_vaults_specimen_jars, nicolae_vaults_little_squares_4,
          hangedman_vaults_restitches, vaults_room_semicircle, serial_shops,
          shop
Vaults:2: nicolae_vaults_little_squares_5, vaults_standard_mumra_x, v_rooms_4,
          nicolae_vaults_sealed_display, nicolae_vaults_quartermaster,
          v_pattern_3, nicolae_vaults_twisting_passages,
          hangedman_vaults_stitches, v_misc_19, vaults_room_stairs_pillars,
          v_misc_16, ontoclasm_vaults_decontamination, serial_shops, shop, shop,
          nicolae_shop_waterfront
Vaults:3: vaults_room_pools, vaults_dpeg_spiral,
          vaults_room_grunt_arrival_checkpoint, nicolae_vaults_theta,
          minmay_crypt_entry_nasty_monster, ontoclasm_vaults_ligature,
          vaults_room_fours, serial_ice_b, vaults_dpeg_ring, serial_shops,
          nicolae_shop_window_shopping
Vaults:4: v_misc_14, hangedman_vaults_maws, v_misc_29, st_lattice, v_misc_13,
          nicolae_vaults_little_squares_1, v_pattern_2,
          nicolae_vaults_little_squares_1, vaults_dpeg_encased_lava,
          serial_shops, shop
Vaults:5: uniq_jorgrun
Abyss:1:  hangedman_decor_lopped
Abyss:2:  evilmike_abyss_exit_4
Abyss:3:  nicolae_abyss_rune_left_handed, evilmike_abyss_exit_smiterflies
Ossuary:  ossuary_tomb_2
Volcano:  volcano_tomb

Skill      XL: |  1  2  3  4  5  6  7  8  9 10 11 12 13 14 15 16 17 18 19 20 21 22 23 24 |
---------------+-------------------------------------------------------------------------+-----
Dodging        | 1 2 3 4 5 6 8 9 10 11 12 13 14 15 16 17 18 19 | 19.3
Maces & Flails | 1 2 3 4 5 6 7 8 9 10 11 12 13 14 15 16 | 16.6
Armour         | 3 4 5 6 7 8 9 10 11 12 13 14 15 16 17 18 | 18.1
Fighting       | 4 5 6 8 9 10 11 12 13 14 15 16 17 18 | 18.1
Invocations    | 3 4 5 6 7 8 9 10 11 12 13 14 15 16 17 18 | 18.0
Shields        | 2 5 7 9 10 11 12 13 | 13.6
Spellcasting   | 2 4 |  4.0
Charms         | 2 4 |  4.0
Necromancy     | 2 3 |  3.4
Axes           | |  1.7

Action                   |  1- 3 |  4- 6 |  7- 9 | 10-12 | 13-15 | 16-18 | 19-21 | 22-24 || total
-------------------------+-------+-------+-------+-------+-------+-------+-------+-------++-------
Melee: Flail             |    66 |   185 |   396 |   785 |  1976 |  2793 |  1724 |       ||  7925
       Demon whip        |       |       |       |       |       |       |  1496 |  3065 ||  4561
Invok: Depart the Abyss  |     1 |       |       |       |       |       |     1 |       ||     2
       Banish            |       |       |       |     3 |     9 |    18 |     1 |     8 ||    39
       Bend Space        |       |       |       |       |       |       |     1 |     1 ||     2
 Abil: Fly               |       |       |       |       |     1 |     1 |     1 |       ||     3
       Stop Flying       |       |       |       |       |     1 |     1 |     1 |       ||     3
Evoke: Wand              |       |     2 |     1 |    10 |       |       |     2 |       ||    15
       Lamp of fire      |       |       |       |     1 |       |       |       |       ||     1
  Use: Scroll            |       |     4 |    10 |     5 |    17 |    23 |     9 |     9 ||    77
       Potion            |       |       |       |     9 |     8 |     2 |     4 |     4 ||    27
 Stab: Invisible         |       |       |       |     1 |       |       |       |       ||     1
       Held in net/web   |       |       |       |       |       |     1 |       |       ||     1
       Distracted        |       |       |       |       |       |       |     3 |     4 ||     7
       Confused          |       |       |       |       |       |       |     4 |     7 ||    11
       Petrifying        |       |       |       |       |       |       |     2 |     1 ||     3
       Petrified         |       |       |       |       |       |       |       |     4 ||     4
       Paralysed         |       |       |       |       |       |       |       |     4 ||     4
       Sleeping          |       |       |       |       |       |       |       |     3 ||     3
  Eat: Chunk             |       |     4 |    12 |    19 |    37 |    47 |    45 |    33 ||   197
       Ration            |       |     1 |     1 |     2 |     5 |     7 |     4 |     5 ||    25
Armor: Leather armour    |    29 |    64 |       |       |       |       |       |       ||    93
       Scale mail        |       |       |   268 |   500 |  1162 |  1645 |  1073 |   785 ||  5433
Dodge: Dodged            |    42 |   110 |   327 |   743 |  2013 |  2543 |  1734 |  1579 ||  9091
Block: Shield            |       |       |       |       |       |  1568 |  1938 |  1783 ||  5289
       Reflection        |       |       |       |       |       |    77 |    99 |    64 ||   240

Table legend:
 A = Spawn XP
 B = Non-spawn XP
 C = Spawn XP percentage of total XP
 D = Spawn monster count
 E = Non-spawn monster count
 F = Spawn count percentage of total count
 G = Total turns spent on level
                    A         B        C        D         E        F      G
               +---------+---------+-------+---------+---------+-------+---------
         Total |     690 |  930168 |   0.1 |       3 |    2043 |   0.1 | 80183
               +---------+---------+-------+---------+---------+-------+---------
           D:1 |       0 |      35 |   0.0 |       0 |      20 |   0.0 |   682
           D:2 |       0 |     180 |   0.0 |       0 |      27 |   0.0 |   968
           D:3 |       0 |     155 |   0.0 |       0 |      25 |   0.0 |   721
           D:4 |       0 |     656 |   0.0 |       0 |      27 |   0.0 |  1478
           D:5 |       0 |     861 |   0.0 |       0 |      23 |   0.0 |   961
           D:6 |       0 |     635 |   0.0 |       0 |      23 |   0.0 |   857
           D:7 |       0 |    1449 |   0.0 |       0 |      22 |   0.0 |  1403
           D:8 |       0 |    3251 |   0.0 |       0 |      53 |   0.0 |  1298
           D:9 |       0 |    3453 |   0.0 |       0 |      29 |   0.0 |  1708
          D:10 |       0 |    2313 |   0.0 |       0 |      25 |   0.0 |  1013
          D:11 |       0 |    4994 |   0.0 |       0 |      17 |   0.0 |  1265
          D:12 |       0 |   19960 |   0.0 |       0 |      89 |   0.0 |  2977
          D:13 |       0 |   12839 |   0.0 |       0 |      55 |   0.0 |  1548
          D:14 |       0 |    6133 |   0.0 |       0 |      23 |   0.0 |  1302
          D:15 |       0 |   15518 |   0.0 |       0 |      38 |   0.0 |  1534
        Lair:1 |       0 |    8471 |   0.0 |       0 |      26 |   0.0 |  2755
        Lair:2 |       0 |    7192 |   0.0 |       0 |      22 |   0.0 |  1543
        Lair:3 |       0 |    6911 |   0.0 |       0 |      33 |   0.0 |  2048
        Lair:4 |       0 |   11069 |   0.0 |       0 |      36 |   0.0 |  2101
        Lair:5 |       0 |   20145 |   0.0 |       0 |      54 |   0.0 |  2411
        Lair:6 |       0 |   18489 |   0.0 |       0 |      64 |   0.0 |  2016
      Shoals:1 |       0 |   16001 |   0.0 |       0 |      34 |   0.0 |  1289
      Shoals:2 |       0 |   15718 |   0.0 |       0 |      33 |   0.0 |  1211
      Shoals:3 |       0 |   33155 |   0.0 |       0 |      54 |   0.0 |  3182
      Shoals:4 |       0 |   41687 |   0.0 |       0 |      72 |   0.0 |  2951
      Spider:1 |       0 |   11517 |   0.0 |       0 |      32 |   0.0 |   820
      Spider:2 |       0 |   15139 |   0.0 |       0 |      32 |   0.0 |  1452
      Spider:3 |       0 |   21565 |   0.0 |       0 |      57 |   0.0 |  2153
      Spider:4 |       0 |   36796 |   0.0 |       0 |      77 |   0.0 |  2164
       Slime:1 |       0 |    6422 |   0.0 |       0 |      23 |   0.0 |   755
       Slime:2 |       0 |   29613 |   0.0 |       0 |      54 |   0.0 |   946
       Slime:3 |       0 |    7914 |   0.0 |       0 |      18 |   0.0 |   136
       Slime:4 |       0 |   12910 |   0.0 |       0 |      17 |   0.0 |   703
       Slime:5 |       0 |   23743 |   0.0 |       0 |      13 |   0.0 |   396
         Orc:1 |       0 |    2670 |   0.0 |       0 |      17 |   0.0 |   439
         Orc:2 |       0 |   15242 |   0.0 |       0 |      94 |   0.0 |  2820
         Elf:1 |       0 |   28168 |   0.0 |       0 |      46 |   0.0 |  2871
         Elf:2 |       0 |   46522 |   0.0 |       0 |      59 |   0.0 |  4943
         Elf:3 |       0 |   50784 |   0.0 |       0 |      52 |   0.0 |  2548
      Vaults:1 |       0 |   35539 |   0.0 |       0 |      82 |   0.0 |  2153
      Vaults:2 |       0 |   71622 |   0.0 |       0 |     126 |   0.0 |  2603
      Vaults:3 |       0 |   32994 |   0.0 |       0 |      42 |   0.0 |  1696
      Vaults:4 |       0 |  115969 |   0.0 |       0 |     137 |   0.0 |  4401
      Vaults:5 |       0 |  108629 |   0.0 |       0 |     102 |   0.0 |  3703
       Abyss:3 |     690 |       0 | 100.0 |       3 |       0 | 100.0 |    60
       Ossuary |       0 |     253 |   0.0 |       0 |      26 |   0.0 |   472
       Volcano |       0 |    4887 |   0.0 |       0 |      13 |   0.0 |   555
               +---------+---------+-------+---------+---------+-------+---------
